 Dungeon Crawl Stone Soup version 0.17.1-3-g152610e (webtiles) character file.

4552 warlockg3 the Blocker (level 10, -9/61 HPs)
             Began as a Gargoyle Fighter on Apr 25, 2016.
             Was a High Priest of Cheibriados.
             Killed by divine providence
             ... invoked by an orc priest
              (11 damage)
             ... on level 7 of the Dungeon.
             The game lasted 00:36:34 (6387 turns).

warlockg3 the Blocker (Gargoyle Fighter)            Turns: 6387, Time: 00:36:34

Health: -9/61      AC: 22    Str: 34    XL:     10   Next: 40%
Magic:  8/11       EV: 16    Int: 20    God:    Cheibriados [*****.]
Gold:   380        SH:  0    Dex: 20    Spells: 0 memorised, 9 levels left

rFire  . . .     SeeInvis .     x - +1 battleaxe
rCold  + . .     Clarity  .     y - +7 Kryia's mail coat {DeviceHeal*2 rC+}
rNeg   + . .     SustAt   .     (shield currently unavailable)
rPois  ∞         Gourm    .     (no helmet)
rElec  +         Spirit   .     (no cloak)
rCorr  .         Warding  .     (no gloves)
rMut   .         Stasis   .     (no boots)
MR     .....                    (no amulet)
Stlth  +.........               (no ring)
                                k - ring of wizardry

@: very slow, not resistant to hostile enchantments, very unstealthy
A: negative energy resistance 1, electricity resistance, unbreathing,
petrification resistance, rot immunity, AC +7
a: Bend Time, Temporal Distortion, Slouch, Step From Time, Renounce Religion


You were on level 7 of the Dungeon.
You worshipped Cheibriados.
Cheibriados was extremely pleased with you.
You were not hungry.

You visited 1 branch of the dungeon, and saw 7 of its levels.

You collected 380 gold pieces.

Inventory:

Hand Weapons
 a - a +0 flail
 h - a +0 great sword
 u - a +0 dagger
 x - a +1 battleaxe (weapon)
 B - a +0 dagger
Armour
 b - a +0 scale mail
 c - a +0 shield
 y - the +7 Kryia's mail coat (worn) {DeviceHeal*2 rC+}
   (You found it on level 4 of the Dungeon)

   It protects you from cold.
 E - a +1 chain mail
Jewellery
 k - a ring of wizardry (left hand)
Wands
 i - a wand of digging (9)
 n - a wand of disintegration (10)
 v - a wand of confusion (22)
Scrolls
 e - a scroll of magic mapping
 g - 3 scrolls of teleportation
 l - 4 scrolls of remove curse
 m - a scroll of enchant weapon
 r - a scroll of noise
 F - 3 scrolls of identify
Potions
 p - a potion of degeneration
Books
 z - a book of Fire

   Spells                             Type                      Level
   a - Ignite Poison                  Fire/Transmutation/Poison    3
   b - Fireball                       Conjuration/Fire             5
   c - Bolt of Fire                   Conjuration/Fire             6
   d - Delayed Fireball               Conjuration/Fire             7
   e - Ring of Flames                 Charms/Fire                  7
Comestibles
 f - 3 meat rations
 j - 3 fruits
 o - 6 beef jerkies
 s - 4 bread rations


   Skills:
 * Level 6.5 Fighting
 * Level 1.4(3.7) Axes
 - Level 6.0(6.1) Maces & Flails
 * Level 7.3 Armour
 + Level 6.6 Dodging
 - Level 1.0 Stealth
 - Level 8.8 Shields
 * Level 1.5 Invocations


You had 9 spell levels left.
You didn't know any spells.

Dungeon Overview and Level Annotations

Branches:
Dungeon (7/15)             Temple (0/1) D:7

Altars:
Ashenzari
Cheibriados
Elyvilon
Kikubaaqudgha
Ru
Sif Muna
Trog
Vehumet
The Shining One

Shops:
D:7 *


Innate Abilities, Weirdness & Mutations

You are resistant to torment.
Your stone body is resilient (AC +7).
You are immune to poison.
You resist negative energy.
You are resistant to electric shocks.
You can survive without breathing.
You are immune to petrification.
You are immune to rotting.


Message History

The orc wizard mumbles some strange words.
The orc wizard seems to speed up.
Found a glass wand and a robe.
Read which item? (? for menu, Esc to quit)
As you read the scroll of teleportation, it crumbles to dust.
You feel strangely unstable.
The orc priest invokes the aid of Beogh against you.
Pain shoots through your body!
* * * LOW HITPOINT WARNING * * *
The orc wizard mumbles some strange words.
The orc wizard blinks!
Your surroundings seem slightly different.
The jackal misses you.
The orc priest hits you but does no damage.
The jackal misses you.
The orc wizard hits you but does no damage.
The crimson imp hits you but does no damage.
The orc priest calls down the wrath of Beogh upon you.
Something smites you!
You die...

**#+#.[......#
#..........##
*#....../...#
#.....§....# #**
#..........# *.#*
*#.........## ##h*
#..........# ### ##.h#*
##5o.......## ##..
#....#*#@oo......## #...
#.....##ho......## ##...
#...%.....####### #....
*#....†.o.# ##)..
##.......# ###.
##......## ### ####.
#.......#### #.#####....
#....###...###..........
#..##* #.#'#......######


You could see 2 orc priests, 2 orc wizards, a crimson imp, an orc and a jackal.

Vanquished Creatures
  The ghost of MovingMist the Skirmisher, a novice NaFi of Okawaru (D:5)
  Pikel (D:7)
  Grinder (D:3)
  Sigmund (D:4)
  A wyvern (D:6)
  Eustachio (D:4)
  A steam dragon (D:7)
  Menkaure (D:4)
  3 ice beasts
  2 phantoms
  6 ogres
  2 centaurs (D:6)
  Blork the orc (D:4)
  3 giant frogs
  3 killer bees (D:6)
  2 scorpions
  2 jellies
  5 crimson imps
  4 orc priests
  4 hounds
  3 iguanas
  4 orc wizards
  Jessica (D:3)
  6 worker ants
  A killer bee zombie (D:6)
  A hound skeleton (D:4)
  A worker ant zombie (D:5)
  Robin (D:3)
  7 adders
  3 shadow imps
  2 oozes
  4 worms
  5 giant geckos
  20 orcs
  3 ball pythons (D:1)
  6 giant cockroaches
  10 hobgoblins
  10 jackals
  3 quokkas
  6 bats
  9 giant newts
  14 goblins
  A jackal zombie (D:7)
  9 kobolds
  6 rats
181 creatures vanquished.

Vanquished Creatures (others)
  A water moccasin skeleton (D:7)
  An adder (D:7)
2 creatures vanquished.

Grand Total: 183 creatures vanquished

Notes
Turn   | Place    | Note
--------------------------------------------------------------
     0 | D:1      | warlockg3 the Gargoyle Fighter began the quest for the Orb.
     0 | D:1      | Reached XP level 1. HP: 14/14 MP: 1/1
   165 | D:1      | Reached XP level 2. HP: 17/19 MP: 2/2
   800 | D:1      | Reached XP level 3. HP: 23/23 MP: 3/3
  1061 | D:2      | Reached skill level 4 in Armour
  1378 | D:3      | Reached XP level 4. HP: 24/28 MP: 4/4
  1401 | D:3      | Found a white marble altar of Elyvilon.
  1476 | D:3      | Found a sacrificial altar of Ru.
  1532 | D:3      | Found a snail-covered altar of Cheibriados.
  1536 | D:3      | Became a worshipper of Cheibriados the Contemplative
  1597 | D:3      | Found a glowing golden altar of the Shining One.
  1749 | D:3      | Noticed Robin
  1751 | D:3      | Reached skill level 1 in Dodging
  1776 | D:3      | Killed Robin
  1844 | D:3      | Found a faded altar to an unknown god.
  1871 | D:3      | Noticed Jessica
  1884 | D:3      | Killed Jessica
  1884 | D:3      | Reached XP level 5. HP: 17/32 MP: 5/5
  1889 | D:3      | Reached * piety under Cheibriados
  2034 | D:3      | Noticed Grinder
  2037 | D:3      | Paralysed by Grinder for 2 turns
  2055 | D:3      | Paralysed by Grinder for 7 turns
  2074 | D:3      | Paralysed by Grinder for 2 turns
  2080 | D:3      | Killed Grinder
  2080 | D:3      | Reached skill level 5 in Shields
  2080 | D:3      | Reached XP level 6. HP: 37/38 MP: 6/6
  2243 | D:4      | Noticed Blork the orc
  2254 | D:4      | Killed Blork the orc
  2254 | D:4      | Reached XP level 7. HP: 31/44 MP: 3/7
  2325 | D:4      | Noticed an ogre
  2331 | D:4      | Killed an ogre
  2514 | D:4      | Noticed Eustachio
  2537 | D:4      | Killed Eustachio
  2537 | D:4      | Reached skill level 1 in Invocations
  2598 | D:4      | Found a bloodstained altar of Trog.
  2631 | D:4      | Noticed Sigmund
  2640 | D:4      | Killed Sigmund
  2640 | D:4      | Reached skill level 5 in Armour
  2640 | D:4      | Reached skill level 6 in Shields
  2640 | D:4      | Reached XP level 8. HP: 39/48 MP: 8/8
  2664 | D:4      | Reached ** piety under Cheibriados
  3562 | D:4      | Noticed Menkaure
  3568 | D:4      | Killed Menkaure
  3568 | D:4      | Reached skill level 5 in Fighting
  3914 | D:5      | Entered Level 5 of the Dungeon
  4001 | D:5      | Reached skill level 1 in Stealth
  4011 | D:5      | Reached skill level 7 in Shields
  4029 | D:5      | Found a radiant altar of Vehumet.
  4074 | D:5      | Noticed MovingMist's ghost (novice NaFi)
  4109 | D:5      | Killed MovingMist's ghost
  4109 | D:5      | Reached skill level 5 in Dodging
  4109 | D:5      | Reached XP level 9. HP: 25/54 MP: 9/9
  4276 | D:5      | Reached *** piety under Cheibriados
  4294 | D:5      | Reached skill level 5 in Maces & Flails
  4498 | D:5      | Found an ancient bone altar of Kikubaaqudgha.
  5106 | D:6      | Reached skill level 8 in Shields
  5142 | D:6      | Found a glowing drain.
  5325 | D:6      | Reached **** piety under Cheibriados
  5519 | D:6      | Found a deep blue altar of Sif Muna.
  5649 | D:7      | Reached XP level 10. HP: 60/60 MP: 10/10
  5688 | D:7      | Noticed Pikel
  5718 | D:7      | Killed Pikel
  5855 | D:7      | Found a shattered altar of Ashenzari.
  6045 | D:7      | Found a staircase to the Ecumenical Temple.
  6228 | D:7      | Reached skill level 1 in Axes
  6231 | D:7      | Reached ***** piety under Cheibriados
  6362 | D:7      | Found Kevia's Assorted Antiques.
  6385 | D:7      | HP: 1/61 [orc priest/nerve-wracking pain (8)]
  6387 | D:7      | Killed from afar by an orc priest

Action                   |  1- 3 |  4- 6 |  7- 9 | 10-12 || total
-------------------------+-------+-------+-------+-------++-------
Melee: Flail             |   145 |   147 |   439 |    46 ||   777
       Battleaxe         |       |       |       |    66 ||    66
Invok: Bend Time         |       |     2 |       |       ||     2
       Temporal Distorti |       |       |       |     1 ||     1
  Use: Potion            |       |     5 |    11 |     1 ||    17
       Scroll            |       |       |       |    14 ||    14
  Eat: Bread ration      |     1 |       |       |       ||     1
       Meat ration       |       |       |     2 |       ||     2
       Beef jerky        |       |       |     1 |       ||     1
